Map: Cactus Valley LE

Players

qxc - Winner!

  • Race: Terran Terran
  • Spawn Location: 11:00

avilo

  • Race: Terran Terran
  • Spawn Location: 5:00

Event: LycanGTV LotV Beta Tournament 1

VOD

Have the link to the VOD?

Description

Time

  • Played on: April 2, 2015, 1:06 p.m.
  • Length: 18:33

All games in this series

Show
View Real Time Build Order
Export as new Build Order

qxc Terran - Winner!

Build Orders: Reaper Expand 

Get SALT Encoding   

  12  0:00  SCV  
  13  0:13  SCV  
  14  0:18  Supply Depot  
  14  0:26  SCV  
  15  0:40  SCV  
  15  0:41  Barracks  
  16  0:46  Refinery  
  16  0:52  SCV  
  17  1:04  SCV  
  18  1:16  SCV  
  19  1:29  Reaper, Orbital Command  
  20  1:44  Command Center  
  20  1:50  Supply Depot  
  20  1:56  SCV  
  21  2:01  Barracks Reactor  
  21  2:08  SCV  
  22  2:14  Refinery  
  22  2:20  SCV  
  23  2:23  Factory  
  23  2:32  SCV  
  24  2:37  Marine x2  
  25  2:44  SCV  
  26  2:55  Marine x2  
  26  2:56  SCV  
  29  2:59  Orbital Command  
  29  3:06  Widow Mine  
  29  3:07  Starport  
  29  3:08  SCV  
  32  3:13  Marine x2  
  34  3:20  SCV  
  34  3:22  Bunker  
  34  3:26  SCV  
  36  3:31  Marine  
  36  3:32  Marine  
  38  3:35  SCV, Widow Mine  
  42  3:43  Supply Depot  
  42  3:45  Viking  
  42  3:48  SCV x2  
  45  3:50  Missile Turret  
  45  3:54  Marine  
  46  4:04  Marine  
  46  4:05  SCV x2  
  46  4:06  Missile Turret  
  46  4:08  Factory Tech Lab  
  49  4:13  Marine  
  50  4:17  SCV  
  50  4:18  Viking  
  50  4:21  SCV  
  54  4:26  Supply Depot  
  54  4:27  Supply Depot, Marine  
  54  4:29  SCV  
  53  4:33  SCV  
  53  4:34  Cyclone  
  53  4:38  Refinery  
  57  4:41  SCV  
  57  4:45  SCV  
  59  4:50  Missile Turret  
  59  4:53  SCV  
  59  4:56  Marine x2, Medivac  
  59  4:57  SCV  
  65  5:01  Missile Turret  
  65  5:09  Siege Tank  
  65  5:11  SCV  
  65  5:12  SCV  
  69  5:23  SCV  
  69  5:24  SCV  
  70  5:32  Marine x2  
  70  5:35  SCV  
  73  5:36  SCV  
  73  5:40  Viking  
  73  5:41  Siege Tank  
  77  5:43  Supply Depot  
  77  5:46  Missile Turret  
  77  5:47  SCV  
  77  5:48  Refinery  
  77  5:49  Barracks  
  78  5:52  Barracks  
  78  6:05  SCV x2  
  78  6:08  Marine x2  
  82  6:11  Supply Depot  
  82  6:13  Viking  
  82  6:14  Barracks  
  82  6:15  Barracks  
  82  6:17  SCV x2  
  86  6:28  Marine  
  86  6:30  SCV  
  86  6:33  Siege Tank, Marine  
  86  6:38  Barracks Tech Lab  
  86  6:39  SCV  
  90  6:43  Supply Depot x2  
  90  6:44  Engineering Bay  
  90  6:45  Barracks Tech Lab  
  90  6:54  Viking  
  91  7:05  Combat Shields, Stimpack, Marauder  
  91  7:06  Marine x2, Marauder  
  97  7:09  Barracks Tech Lab  
  97  7:10  Barracks Reactor  
  97  7:22  Terran Infantry Weapons Level 1  
  97  7:24  Marine x2  
  97  7:26  Command Center, Supply Depot, Starport Reactor  
  99  7:31  Marine  
  99  7:32  Marauder x2  
  104  7:42  Marine x2  
  106  7:46  Siege Tank  
  106  7:50  Marauder  
  111  7:52  Marine x2  
  111  7:53  Marauder x2  
  111  8:02  Supply Depot  
  111  8:04  Supply Depot  
  111  8:06  Marine x2  
  111  8:11  Medivac, Marauder  
  117  8:15  Marauder  
  117  8:18  Medivac  
  117  8:19  SCV  
  118  8:24  SCV, Supply Depot, Marauder  
  121  8:30  Siege Tank  
  121  8:32  SCV  
  122  8:36  SCV  
  123  8:44  SCV  
  123  8:48  SCV  
  125  8:52  Marine x4  
  125  8:53  Medivac, Marauder x2  
  135  8:56  SCV  
  135  9:00  SCV  
  135  9:01  Medivac  
  135  9:02  Siege Tank  
  142  9:08  SCV  
  143  9:11  Orbital Command  
  143  9:12  SCV  
  143  9:15  Marauder, Marine  
  147  9:20  SCV  
  147  9:28  SCV  
  146  9:32  SCV, Marauder, Marine x3  
  146  9:33  Marauder  
  146  9:35  Medivac  
  146  9:38  Supply Depot  
  156  9:40  Supply Depot x2  
  156  9:45  SCV  
  157  9:58  Siege Tank, Medivac  
  154  10:00  Marauder x2, Marine x2  
  154  10:05  Medivac  
  159  10:12  SCV  
  158  10:15  Marauder, Marine x2  
  158  10:18  SCV, Marine  
  158  10:19  Bunker  
  164  10:21  Missile Turret  
  164  10:22  Marauder  
  164  10:23  Supply Depot  
  164  10:24  Supply Depot  
  167  10:30  Siege Tank  
  167  10:33  Terran Infantry Armor Level 1  
  167  10:34  Medivac  
  167  10:35  Medivac  
  173  10:40  Supply Depot  
  173  10:44  Marauder x2, Marine x2  
  173  10:47  Supply Depot, Marine x2  
  173  10:48  Marauder  
  183  10:50  Supply Depot  
  183  10:52  Concussive Shells  
  182  10:57  Barracks  
  182  11:02  Siege Tank, Marine x2  
  187  11:05  Marine x2  
  187  11:06  Marauder x2  
  186  11:14  Marauder  
  186  11:16  Medivac x2  
  192  11:20  Marine x2  
  192  11:23  Marine x2  
  196  11:27  Marauder x2  
  196  11:29  Command Center  
  200  11:53  Barracks Tech Lab  
  200  11:59  Command Center  
  200  12:24  Factory, Barracks x2  
  200  12:25  Command Center  
  200  12:27  Refinery  
  200  12:35  Marine  
  199  12:50  Marine x3, Marauder x3  
  155  12:52  Siege Tank, Marine  
  155  12:53  Marauder, Medivac x2  
  125  13:08  Marine x3  
  125  13:09  Marine  
  125  13:11  Marauder  
  125  13:12  Marauder x2  
  120  13:14  Barracks Tech Lab x2, Marauder  
  120  13:15  Factory Tech Lab  
  120  13:17  Refinery  
  107  13:22  Medivac  
  107  13:23  Medivac  
  107  13:26  Marine x3  
  114  13:27  Marine  
  114  13:33  Marauder x5  
  125  13:35  Armory  
  125  13:36  Marauder  
  125  13:38  Siege Tank  
  130  13:44  Marine x3  
  130  13:45  Orbital Command, Marine  
  134  13:54  Marauder x3, Marine  
  134  13:55  Marauder  
  143  13:57  Marine  
  143  14:01  Planetary Fortress, Marine x2  
  143  14:02  Marine  
  147  14:03  Missile Turret, Marine  
  147  14:05  Orbital Command  
  148  14:13  Refinery, Marauder  
  148  14:15  Marine, Marauder  
  148  14:16  Marauder x3  
  159  14:19  Marine x3  
  159  14:21  Marine  
  163  14:29  Siege Tank  
  166  14:34  Marauder x2  
  166  14:36  Marine  
  166  14:37  Marauder x2, Marine x4  
  179  14:38  Marine  
  180  14:54  Marauder  
  180  14:55  Marauder x3, Marine  
  180  14:57  Marine x2  
  180  14:58  Marauder x2  
  195  15:06  Marine  
  191  15:13  Marine  
  192  15:14  Marine  
  192  15:15  Marine  
  192  15:16  Marauder x2  
  192  15:17  Marauder  
  200  15:40  Terran Infantry Weapons Level 2  
  200  15:44  Refinery  
  200  15:52  Command Center  
  200  15:53  Command Center, Engineering Bay  
  200  16:02  Marine  
  200  16:07  Marine  
  200  16:09  Marauder  
  200  16:10  Marauder x2  
  200  16:11  Marauder  
  199  16:14  Marine  
  199  16:15  Marauder  
  199  16:16  Siege Tank  
  185  16:18  Marine  
  185  16:20  Siege Tank  
  185  16:23  Marine x2  
  193  16:26  Marauder  
  193  16:30  Marauder  
  193  16:32  Marine, Marauder x3  
  196  16:35  Medivac  
  196  16:36  Marauder, Medivac  
  196  16:38  Marine  
  196  16:41  Marine  
  199  16:47  Marauder  
  199  16:49  Siege Tank  
  199  16:52  Marauder  
  199  16:53  Marauder x2, Marine  
  200  16:55  Marauder  
  200  16:58  Marine, Marauder  
  200  16:59  Marine x2  
  195  17:01  Siege Tank  
  195  17:05  Medivac  
  195  17:07  Missile Turret  
  197  17:08  Marauder  
  197  17:10  Marine  
  197  17:13  Marauder  
  200  17:20  Marauder, Marine  
  200  17:30  Marine  
  200  17:51  Marauder  
  199  17:52  Marauder x3  
  199  17:55  Marauder  
  199  17:56  Marauder  
  199  17:57  Marine x3  
  199  17:58  Siege Tank x2  
  197  18:00  Marine  
  194  18:14  Marine  
  194  18:15  Marine x2  
Show
View Real Time Build Order
Export as new Build Order

avilo Terran 

Build Orders: 1/1/1, Mech, Banshee Rush, Siege Tank Drop 

Get SALT Encoding   

  12  0:00  SCV  
  13  0:13  SCV  
  14  0:18  Supply Depot  
  14  0:25  SCV  
  15  0:33  Refinery  
  15  0:39  SCV  
  16  0:46  Barracks  
  16  0:52  SCV  
  17  0:58  Refinery  
  17  1:04  SCV  
  18  1:16  SCV  
  19  1:33  Orbital Command  
  19  1:34  Factory  
  19  1:39  Marine  
  20  1:47  Supply Depot  
  20  1:58  SCV  
  20  1:59  Barracks Tech Lab  
  21  2:11  SCV  
  22  2:20  Starport  
  22  2:23  SCV  
  22  2:25  Siege Tank  
  26  2:35  SCV  
  27  2:38  Supply Depot  
  27  2:47  Marine  
  27  2:48  SCV  
  29  3:00  SCV, Medivac  
  29  3:03  Siege Tank  
  35  3:12  SCV  
  36  3:13  Supply Depot  
  36  3:24  SCV  
  37  3:33  Command Center  
  36  3:39  SCV  
  37  3:47  Factory Tech Lab  
  37  3:48  Banshee, Cloaking Field  
  37  3:53  SCV  
  41  4:05  SCV  
  41  4:08  Cyclone  
  41  4:25  SCV  
  40  4:37  SCV  
  41  4:49  Command Center, SCV  
  41  4:52  Orbital Command  
  42  5:00  Missile Turret  
  42  5:05  SCV  
  43  5:11  Banshee  
  46  5:26  SCV  
  46  5:27  SCV  
  48  5:40  SCV x2  
  50  5:47  Factory x2  
  47  6:06  Orbital Command  
  47  6:07  SCV x2  
  47  6:09  Factory, Refinery x2  
  47  6:10  Factory  
  49  6:15  Armory  
  49  6:19  SCV  
  49  6:20  SCV  
  46  6:33  Hellion x2  
  43  6:43  SCV x2  
  43  6:44  SCV  
  43  7:03  SCV x3  
  43  7:06  Factory Tech Lab x2  
  43  7:07  Cyclone  
  49  7:09  Terran Vehicle and Ship Weapons Level 1  
  49  7:15  SCV x2  
  51  7:20  Factory Reactor  
  51  7:22  SCV  
  52  7:26  Missile Turret  
  52  7:27  SCV x2, Cyclone  
  52  7:28  Hellion  
  59  7:34  SCV  
  60  7:37  Missile Turret  
  60  7:39  SCV  
  60  7:43  SCV  
  59  7:47  SCV  
  58  8:00  Siege Tank  
  58  8:01  Hellion x4  
  58  8:04  SCV  
  70  8:06  Orbital Command  
  70  8:15  SCV  
  70  8:17  SCV  
  68  8:21  Engineering Bay  
  68  8:23  Siege Tank x2  
  72  8:27  SCV  
  72  8:29  SCV  
  74  8:35  SCV  
  74  8:40  SCV, Starport Reactor  
  74  8:41  SCV  
  77  8:46  Missile Turret  
  77  8:49  Missile Turret  
  77  8:50  Missile Turret  
  77  8:51  Sensor Tower  
  77  8:54  Infernal Pre-Igniter  
  77  9:03  Supply Depot  
  77  9:04  Supply Depot  
  77  9:09  Sensor Tower  
  77  9:21  Missile Turret  
  77  9:25  SCV x2, Siege Tank x2  
  85  9:36  Siege Tank  
  85  9:37  SCV  
  87  9:40  Orbital Command  
  87  9:49  Missile Turret  
  83  10:10  SCV x3  
  86  10:14  Missile Turret  
  86  10:15  Missile Turret  
  86  10:16  Terran Vehicle and Ship Weapons Level 2  
  86  10:22  SCV x2  
  86  10:23  SCV  
  89  10:29  Command Center  
  89  10:31  Viking x2  
  93  10:37  Supply Depot  
  93  10:39  Hellion, Siege Tank x2  
  100  10:49  Orbital Command  
  99  10:52  SCV x2  
  99  10:58  Hellion  
  99  10:59  Siege Tank  
  99  11:00  Missile Turret  
  102  11:08  Viking x2  
  102  11:10  SCV x2  
  106  11:21  Siege Tank  
  109  11:26  Supply Depot  
  109  11:41  SCV, Hellion, Siege Tank  
  109  11:46  Siege Tank  
  109  11:47  Siege Tank  
  120  11:53  Siege Tank  
  122  11:58  Supply Depot  
  122  11:59  Supply Depot x2, Medivac  
  123  12:04  Orbital Command  
  123  12:19  Sensor Tower  
  123  12:36  Hellion x2  
  127  12:37  SCV  
  127  12:38  SCV x2  
  130  12:50  SCV  
  79  13:04  Hellion, Siege Tank x2  
  79  13:05  Hellion  
  84  13:07  Hellion x3  
  84  13:11  SCV x2, Orbital Command  
  83  13:14  Orbital Command  
  79  13:21  Refinery  
  79  13:22  Refinery, Missile Turret  
  79  13:23  SCV  
  79  13:25  SCV  
  81  13:31  Missile Turret  
  81  13:32  Cyclone  
  81  13:33  Hellion x3  
  90  13:35  SCV  
  90  13:36  Hellion x2  
  90  13:37  SCV x2  
  90  13:39  Refinery  
  97  13:41  Refinery  
  97  13:43  Medivac  
  97  13:46  SCV  
  97  13:47  SCV  
  101  13:48  Supply Depot  
  101  13:49  SCV x2  
  103  13:58  SCV  
  103  13:59  SCV, Missile Turret  
  103  14:00  Cyclone  
  103  14:01  Hellion x3  
  103  14:02  Hellion  
  116  14:08  SCV  
  116  14:09  SCV  
  118  14:10  SCV  
  118  14:11  SCV  
  118  14:16  Command Center, Siege Tank  
  123  14:20  SCV  
  123  14:22  SCV x2, Hellion  
  128  14:24  Supply Depot, Siege Tank  
  131  14:35  Viking x2  
  129  14:43  SCV x2  
  129  14:45  Siege Tank, Missile Turret  
  131  14:46  Hellion x3  
  131  14:48  Hellion  
  140  15:07  Refinery  
  140  15:08  Cyclone  
  140  15:09  Hellion x3  
  140  15:10  Missile Turret  
  140  15:11  Command Center, Missile Turret, Unknown  
  140  15:12  Orbital Command  
  145  15:22  Medivac  
  146  15:35  Hellion x5  
  156  15:38  SCV x3  
  156  15:41  Hellion  
  161  15:50  Refinery  
  161  15:55  Missile Turret  
  161  15:56  Hellion, Missile Turret x2  
  163  15:57  Missile Turret x2  
  163  16:03  Siege Tank  
  163  16:04  Hellion, Siege Tank  
  170  16:05  Hellion  
  141  16:26  Siege Tank  
  141  16:27  Hellion x2, Siege Tank  
  143  16:45  Siege Tank x2  
  139  16:48  Hellion x2  
  138  16:55  Orbital Command  
  138  16:58  Hellion  
  138  17:01  Planetary Fortress  
  128  17:07  Siege Tank  
  123  17:24  Hellion, Siege Tank  
  123  17:25  Hellion x3  
  134  17:34  Missile Turret  
  134  17:35  Planetary Fortress, Missile Turret  
  134  17:36  Missile Turret  
  134  17:39  Hellion  
  134  17:48  Command Center  
  131  17:54  Hellion  
  131  17:55  Refinery  
  113  17:59  Refinery  

Tags
 
Add a new tag
Caveats
  • Supply blocks, unpowered buildings, or Contaminate may cause inaccurate times.
  • Supply counts are checked every 10 seconds.